 Dungeon Crawl Stone Soup version 0.29.1-15-g9cfb28693d (webtiles) character file.

Game seed: 10383387073069502852

4 dobroeutro the Trooper (level 1, 0/14 HPs)
             Began as a Gargoyle Fighter on Apr 22, 2023.
             Slain by a kobold
             ... wielding a +0 whip
              (4 damage)
             ... on level 1 of the Dungeon.
             The game lasted 00:00:16 (129 turns).

dobroeutro the Trooper (Gargoyle Fighter)            Turns: 129, Time: 00:00:17

Health: 0/14       AC:  9    Str: 19    XL:     1   Next: 60%
Magic:  1/1        EV:  9    Int:  8    God:
Gold:   11         SH:  4    Dex:  9    Spells: 0/0 levels left

rFire   . . .      SeeInvis .   a - +0 flail
rCold   . . .      Faith    .   c - +0 buckler
rNeg    + . .      Spirit   .   b - +0 scale mail
rPois   ∞          Reflect  .   (no helmet)
rElec   +          Harm     .   (no cloak)
rCorr   .          Rampage  .   (no gloves)
Will    .....                   (no boots)
Stlth   ..........              (no amulet)
HPRegen 0.04/turn               (no ring)
MPRegen 0.07/turn               (no ring)

@: no status effects
A: sickness immunity, AC +2, negative energy resistance 1, electricity
resistance, torment resistance 1, petrification resistance
a: no special abilities


You were on level 1 of the Dungeon.
You visited 1 branch of the dungeon, and saw 1 of its levels.

You collected 11 gold pieces.

Inventory:

Hand Weapons
 a - a +0 flail (weapon)
Armour
 b - a +0 scale mail (worn)
 c - a +0 buckler (worn)
Potions
 d - a potion of might
 e - 2 potions of flight {unknown}
 f - a potion of resistance {unknown}


   Skills:
 + Level 3.3 Fighting
 * Level 2.2 Maces & Flails
 - Level 3.2 Armour
 - Level 3.2 Shields


You couldn't memorise any spells.
You didn't know any spells.
Your spell library was empty.

Dungeon Overview and Level Annotations

Branches:
Dungeon (1/15)

Altars:


Innate Abilities, Weirdness & Mutations

You are immune to sickness and miasma.
Your stone body is resilient. (AC +2)
You are immune to poison.
You resist negative energy. (rN+)
You are resistant to electric shocks. (rElec)
You are resistant to unholy torment.
You are immune to petrification.


Message History

The endoplasm quivers.
A frilled lizard comes into view.
The frilled lizard misses you.
The giant cockroach bites you but does no damage.
The frilled lizard bites you but does no damage.
You miss the frilled lizard.
The frilled lizard hisses angrily.
The giant cockroach bites you but does no damage.
The frilled lizard barely misses you.
You miss the frilled lizard. The giant cockroach bites you.
The kobold barely misses you. The frilled lizard barely misses you.
The giant cockroach bites you but does no damage.
You closely miss the frilled lizard. You block the giant cockroach's attack.
The kobold hits you with a +0 dagger. You block the frilled lizard's attack.
The goblin barely misses you. You block the giant cockroach's attack.
The kobold hits you but does no damage.
The frilled lizard bites you but does no damage.
The goblin hits you but does no damage.
You barely miss the frilled lizard.
The giant cockroach bites you but does no damage.
The kobold hits you but does no damage. You block the goblin's attack.
The endoplasm completely misses you.
The frilled lizard bites you but does no damage.
You barely miss the frilled lizard. The giant cockroach barely misses you.
The kobold hits you but does no damage. The endoplasm freezes you.
You are frozen.
The goblin barely misses you. The frilled lizard closely misses you.
The giant cockroach bites you but does no damage.
You hit the frilled lizard.
You kill the frilled lizard!
The goblin closely misses you. The kobold closely misses you.
The endoplasm closely misses you.
The giant cockroach bites you but does no damage.
The endoplasm jiggles.
The endoplasm freezes you.
You are frozen.
* * * LOW HITPOINT WARNING * * *
The kobold hits you with a +0 whip.
You die...

# #...# #...... #.#...#
##..### #.#...# ##.##
#.....# #...#
###...###...#
#.......'...#
#......##......
##########....#.########
#.....K@J....##...
#....lBKg.......###
.......J..........
.#............###.
#...............
.#...........####
#..........!..
.............#


You could see 2 endoplasms, a giant cockroach, a goblin, 2 kobolds and a frilled
lizard.

Vanquished Creatures
  A bat (D:1)
  A goblin (D:1)
  A frilled lizard (D:1)
  A kobold (D:1)
  A rat (D:1)
5 creatures vanquished.

Notes
Turn   | Place    | Note
-------+----------+-------------------------------------------
     0 | D:1      | dobroeutro the Gargoyle Fighter began the quest for the
                  | Orb.
     0 | D:1      | Reached XP level 1. HP: 14/14 MP: 1/1
   129 | D:1      | Slain by a kobold

Illustrated notes

Levels and vault maps discovered:
D:1:      minmay_arrival_jagged, layout_basic, fountainhead,
          minmay_small_reverse_x

Action                   || total
-------------------------++-------
Melee: Flail             ||    16
Armor: Scale mail        ||    16
Dodge: Dodged            ||    14
Block: Buckler           ||     7
